 Dungeon Crawl Stone Soup version 0.30-a0-142-g7370640ec8 (webtiles) character file.

Game seed: 9151619314973495589

31 Julmuri the Conjurer (level 3, -2/19 HPs)
             Began as a Kobold Conjurer on Sept 26, 2022.
             Slain by a gnoll
             ... wielding a +0 spear
              (7 damage)
             ... on level 2 of the Dungeon.
             The game lasted 00:02:59 (1501 turns).

Julmuri the Conjurer (Kobold Conjurer)              Turns: 1501, Time: 00:02:59

Health: -2/19      AC:  2    Str:  4    XL:     3   Next: 40%
Magic:  3/7        EV: 14    Int: 21    God:
Gold:   46         SH:  0    Dex: 13    Spells: 6/7 levels left

rFire   . . .      SeeInvis .    h - +0 short sword
rCold   . . .      Faith    .    (no shield)
rNeg    . . .      Spirit   .    a - +0 robe
rPois   .          Reflect  .    (no helmet)
rElec   .          Harm     .    (no cloak)
rCorr   .          Rampage  .    (no gloves)
Will    .....                    (no boots)
Stlth   +++.......               (no amulet)
HPRegen 0.06/turn                (no ring)
MPRegen 0.10/turn                (no ring)

@: no status effects
A: small, no large weapons, nightstalker 3
a: no special abilities


You were on level 2 of the Dungeon.
You visited 1 branch of the dungeon, and saw 2 of its levels.

You collected 46 gold pieces.

Inventory:

Hand Weapons
 g - a +0 dagger
 h - a +0 short sword (weapon)
Armour
 a - a +0 robe (worn)
Jewellery
 c - a ring of wizardry
Scrolls
 e - 3 scrolls of blinking {unknown}
 f - a scroll of enchant weapon {unknown}
 i - a scroll of identify {unknown}
 k - a scroll of teleportation {unknown}
 l - a scroll of immolation {unknown}
Potions
 b - a potion of magic
 d - a potion of haste {unknown}
 j - a potion of cancellation {unknown}
 m - a potion of heal wounds {unknown}


   Skills:
 + Level 2.4 Dodging
 + Level 2.9 Stealth
 + Level 2.8 Spellcasting
 + Level 4.6 Conjurations


You had 6 spell levels left.
You knew the following spells:

 Your Spells              Type           Power      Damage    Failure   Level
a - Magic Dart            Conj           88%        1d7       1%          1

Your spell library contained the following spells:

 Spells                   Type           Power      Damage    Failure   Level
 Searing Ray              Conj           44%        2d6       3%          2
 Dazzling Flash           Conj/Hex       24%        N/A       16%         3
 Fulminant Prism          Conj/Hex       6%         3d7       45%         4
 Iskenderun's Mystic Bla  Conj/Tloc      12%        2d5       45%         4


Dungeon Overview and Level Annotations

Branches:
Dungeon (2/15)

Altars:


Innate Abilities, Weirdness & Mutations

You are small and have problems with some larger weapons.
You are completely attuned to the shadows.


Message History

The bat misses you.
The magic dart hits the bat.
You kill the bat!
A frilled lizard comes into view.
The magic dart hits the frilled lizard.
You kill the frilled lizard!
Magic restored.
You see here a bubbling black potion.
A goblin comes into view. It is wielding a +0 club.
You see here 6 gold pieces.
A hobgoblin comes into view.
The magic dart hits the hobgoblin.
You kill the hobgoblin!
The magic dart hits the goblin.
You kill the goblin!
The magic dart hits the gnoll.
The gnoll is lightly wounded.
The gnoll shouts!
You hear a shout!
You miscast Magic Dart.
You are very lightly contaminated with residual magic.
Nothing appears to happen.
The magic dart hits the gnoll.
The gnoll is moderately wounded.
The gnoll hits you from afar with a +0 spear.
A gnoll comes into view. It is wielding a +0 spear.
The magic dart hits the gnoll.
The gnoll is moderately wounded.
A giant cockroach comes into view.
The gnoll hits you but does no damage. The gnoll closely misses you.
The gnoll hits you from afar with a +0 spear!
The giant cockroach bites you.
A gnoll comes into view.
It is wielding a +0 flail of holy wrath.
Your magical contamination has completely faded away.
The giant cockroach bites you.
* * * LOW HITPOINT WARNING * * *
There is a stone staircase leading down here.
The giant cockroach completely misses you.
The gnoll hits you from afar with a +0 spear!
You die...

#.)...?..# #####
#...g....# #...#
######........####...#
#...........!....'...+
#.........$....###...#
#................<...#
#.......######gg#...##
#.......# ####B...#.#
#.......# ....@..##.#
#......†# ######....#
######### #.#### #.#
#.. ##.


You could see 2 gnolls and a giant cockroach.

Vanquished Creatures
  4 dart slugs (D:1)
  A ball python (D:1)
  4 endoplasms (D:1)
  3 goblins
  3 hobgoblins
  2 bats
  2 frilled lizards
  2 kobolds (D:1)
  A rat (D:1)
22 creatures vanquished.

Notes
Turn   | Place    | Note
-------+----------+-------------------------------------------
     0 | D:1      | Julmuri the Kobold Conjurer began the quest for the Orb.
     0 | D:1      | Reached XP level 1. HP: 10/10 MP: 3/3
   156 | D:1      | Reached XP level 2. HP: 8/15 MP: 0/5
  1042 | D:1      | Reached XP level 3. HP: 19/19 MP: 5/7
  1258 | D:1      | Found a faded altar of an unknown god.
  1501 | D:2      | Slain by a gnoll

Illustrated notes

Levels and vault maps discovered:
D:1:      matt_arrival_grand_opening, layout_rooms,
          hellmonk_ecumenical_altar_zigzags, minmay_misc_feat_nine_boxes,
          minivault_24, hangedman_abyss_or_decor_stabs
D:2:      layout_basic, uniq_jessica, uniq_sigmund

Action                   || total
-------------------------++-------
Melee: Unarmed           ||    11
 Cast: Magic Dart        ||    50
Armor: Robe              ||     4
Dodge: Dodged            ||    14

Table legend: (Time is in decaauts)
 A = Elapsed time spent in this place.
 B = Non-inter-level travel time spent in this place.
 C = Inter-level travel time spent in this place.
 D = Time resting spent in this place.
 E = Time spent auto-exploring this place.
 F = Levels seen in this place.
 G = Mean time per level.
                   A        B        C        D        E       F      G
               +--------+--------+--------+--------+--------+-----+--------+
         Total |   1499 |   1499 |      0 |      0 |   1304 |   2 |  749.5 |
       Dungeon |   1499 |   1499 |      0 |      0 |   1304 |   2 |  749.5 |
               +--------+--------+--------+--------+--------+-----+--------+

Top non-repeatable levels by time:
     D:1: 1412 daAuts
     D:2: 87 daAuts
